WCHLSIM.com - West Coast Hockey League
html PUBLIC "-//W3C//DTD XHTML 1.0 Transitional//EN" "http://www.w3.org/TR/xhtml1/DTD/xhtml1-transitional.dtd"> WCHL - Game 64 - SAN FRANCISCO SPIDERS vs ANCHORAGE ACES

SAN FRANCISCO SPIDERS vs ANCHORAGE ACES

Created - 22 novembre 2020 at 22:39

Goals
1 2 3 T
SAN FRANCISCO SPIDERS 1 0 2 3
ANCHORAGE ACES 3 0 1 4
Shots
1 2 3 T
SAN FRANCISCO SPIDERS 7 9 8 24
ANCHORAGE ACES 20 6 12 38

1st period

1. ANCHORAGE ACES , Connor McDavid 1 (Chris Kreider 1, Jakob Silfverberg 1) at 0:39
2. ANCHORAGE ACES , Nathan MacKinnon 2 (Nikolaj Ehlers 3, Reyley Smith 3) at 4:21
3. ANCHORAGE ACES , Jakob Silfverberg 1 (Connor McDavid 3, Chris Kreider 2) at 10:06
4. SAN FRANCISCO SPIDERS , Andrei Svechnikov 2 (Milan Lucic 2, Calle Jarnkrok 2) at 13:54

Penalties :
No Penalty

2nd period

No Goal

Penalties :
Ben Chiarot (ANC) for Hooking (Minor) at 13:20

3rd period

5. SAN FRANCISCO SPIDERS , Andrei Svechnikov 3 (Nate Schmidt 4, Malcolm Subban) at 3:57 (PP)
6. SAN FRANCISCO SPIDERS , Dominik Kahun 1 (Danton Heinen 2) at 7:19
7. ANCHORAGE ACES , Jakob Silfverberg 2 (Connor McDavid 4, Chris Kreider 3) at 16:05

Penalties :
Chris Kreider (ANC) for High sticking (Minor) at 3:43, Chris Kreider (ANC) for Hooking (Minor) at 11:15

Goalie Stats

Malcolm Subban (SAF), 34 saves from 38 shots - (0,895), L, 1-1-0, 60:00 minutes
Braden Holtby (ANC), 21 saves from 24 shots - (0,875), W, 2-1-0, 60:00 minutes

Players Stats for SAN FRANCISCO SPIDERS

Player Name              G  A  P  +/- PIM S  H  SB GA TA FO     MP     PP MP  PK MP  
------------------------------------------------------------------------------------
Alex Chiasson            0  0  0  -2  0   1  0  0  0  0  0/1    17:39   1:52   0:00 
Alexander Kerfoot        0  0  0  -1  0   1  0  0  0  0  1/1    11:54   0:00   0:00 
Andrei Svechnikov        2  0  2   0  0   5  0  0  0  0  0/2    17:51   1:35   0:00 
Calle Jarnkrok           0  1  1   0  0   3  0  1  0  0  4/14   16:16   0:00   0:00 
Danton Heinen            0  1  1   1  0   0  0  0  0  0  6/20   13:13   2:20   0:00 
Dominik Kahun            1  0  1   1  0   1  0  0  0  0  0/0    11:44   0:00   0:00 
Dominik Simon            0  0  0   1  0   4  0  1  0  0  0/1    11:44   0:00   0:00 
Erik Haula               0  0  0  -2  0   3  3  0  0  0  10/17  18:37   1:52   0:00 
Jordan Oesterle          0  0  0  -2  0   0  0  1  0  0  0/0    18:30   1:20   0:00 
Jordan Schmaltz          0  0  0  -1  0   0  2  0  0  0  0/0    17:03   0:45   0:00 
Karl Alzner              0  0  0  -1  0   1  0  2  0  0  0/0    17:03   0:45   0:00 
Kirby Dach               0  0  0  -1  0   2  1  0  0  0  4/10   12:46   0:45   0:00 
Michael Stone            0  0  0  -2  0   0  2  0  0  0  0/0    18:30   1:20   0:00 
Mike Hoffman             0  0  0  -2  0   1  0  0  0  0  0/3    18:20   1:35   0:00 
Milan Lucic              0  1  1   0  0   1  1  0  0  0  0/1    18:08   1:52   0:00 
Nate Schmidt             0  1  1   1  0   1  1  0  0  0  0/0    24:27   2:07   0:00 
Nico Sturm               0  0  0  -1  0   0  0  0  0  0  0/2    11:48   0:45   0:00 
Tyler Myers              0  0  0   1  0   0  1  2  0  0  0/0    24:27   2:07   0:00 

Players Stats for ANCHORAGE ACES

Player Name              G  A  P  +/- PIM S  H  SB GA TA FO     MP     PP MP  PK MP  
------------------------------------------------------------------------------------
Ben Chiarot              0  0  0   3  2   0  0  1  0  0  0/0    24:15   0:00   1:27 
Brandon Saad             0  0  0   0  0   1  0  0  0  0  0/0    14:26   0:00   1:45 
Cal Clutterbuck          0  0  0   0  0   3  2  2  0  0  0/0    14:10   0:00   2:27 
Cale Fleury              0  0  0  -1  0   0  2  1  0  0  0/0    15:58   0:00   0:56 
Chris Kreider            0  3  3   1  4   4  1  0  0  0  0/0    18:17   0:00   0:00 
Connor McDavid           1  2  3   1  0   8  0  0  0  0  6/16   18:19   0:00   0:00 
Deryk Engelland          0  0  0   0  0   1  2  2  0  0  0/0    19:12   0:00   1:53 
Jacob de la Rose         0  0  0   0  0   0  1  0  0  0  5/7     6:54   0:00   1:45 
Jakob Silfverberg        2  1  3   1  0   5  1  0  0  0  1/2    19:17   0:00   0:00 
Michael Frolik           0  0  0   0  0   1  0  0  0  0  0/0     6:57   0:00   0:06 
Nate Thompson            0  0  0   0  0   1  0  0  0  0  18/22  14:10   0:00   2:27 
Nathan MacKinnon         1  0  1   1  0   6  0  0  0  0  15/22  20:37   0:00   0:00 
Nikolaj Ehlers           0  1  1   1  0   6  1  1  0  0  0/0    19:39   0:00   0:00 
Reyley Smith             0  1  1   1  0   0  0  0  0  0  2/3    19:39   0:00   0:00 
Robert Bortuzzo          0  0  0   0  0   0  0  1  0  0  0/0     5:26   0:00   0:00 
Ross Johnston            0  0  0   0  0   0  1  0  0  0  0/0     5:09   0:00   0:00 
Seth Jones               0  0  0   1  0   2  0  2  0  0  0/0    27:26   0:00   1:36 
Shea Weber               0  0  0   1  0   0  2  3  0  0  0/0    25:54   0:00   2:26 

3 Stars

1 - Jakob Silfverberg (ANC)
2 - Connor McDavid (ANC)
3 - Andrei Svechnikov (SAF)

Power Play

SAN FRANCISCO SPIDERS - 1 on 3 Attempt(s) - 33,33%
ANCHORAGE ACES - 0 on 0 Attempt(s) - 0,00%

Penalty Kill

SAN FRANCISCO SPIDERS - 0 on 0 Attempt(s) - 0,00% - Score 0 goal in Penalty Kill
ANCHORAGE ACES - 2 on 3 Attempt(s) - 66,67% - Score 0 goal in Penalty Kill

Team Stat

SAN FRANCISCO SPIDERS - Hits : 11 - Faceoff Wins : 25 - Blocked Shots : 7 - Penalty Minutes : 0
ANCHORAGE ACES - Hits : 13 - Faceoff Wins : 47 - Blocked Shots : 13 - Penalty Minutes : 6

Official

Referees : Brandon Schrader and Stephen Hiff
Linesman : Mark Shewchyk and Scott Cherrey

Game Notes

Robert Bortuzzo is injured at 18:27 of 1st period (Torso)

Finance

Level 1 -- Attendance: 6000 (100,00%) -- Ticket Income 810 000 $
Level 2 -- Attendance: 3914 (78,28%) -- Ticket Income 422 712 $
Level 3 -- Attendance: 1619 (80,95%) -- Ticket Income 137 615 $
Level 4 -- Attendance: 4000 (100,00%) -- Ticket Income 180 000 $
Luxury Box -- Attendance: 1000 (100,00%) -- Ticket Income 210 000 $
Game was played at the Alaska Center.
Total Attendance: 16533 (91,85%)
Total Ticket Income: 1 760 327 $
Other Income: 616 114 $
Total Income: 2 376 441 $

SAN FRANCISCO SPIDERS

5 vs 5 Forward 
   Center                   Left Wing                Right Wing               Time % Phy DF OF 
 1 Calle Jarnkrok           Milan Lucic              Andrei Svechnikov        30     0   4  1  
 2 Erik Haula               Mike Hoffman             Alex Chiasson            30     0   4  1  
 3 Danton Heinen            Dominik Kahun            Dominik Simon            20     0   4  1  
 4 Kirby Dach               Alexander Kerfoot        Nico Sturm               20     0   4  1  

5 vs 5 Defense 
   Defense                  Defense                                           Time % Phy DF OF 
 1 Tyler Myers              Nate Schmidt                                      36     0   5  0  
 2 Jordan Oesterle          Michael Stone                                     31     0   5  0  
 3 Karl Alzner              Jordan Schmaltz                                   23     0   5  0  
 4 Tyler Myers              Nate Schmidt                                      10     0   5  0  

PowerPlay Forward 
   Center                   Left Wing                Right Wing               Time % Phy DF OF 
 1 Danton Heinen            Mike Hoffman             Andrei Svechnikov        55     1   2  2  
 2 Erik Haula               Milan Lucic              Alex Chiasson            45     1   2  2  

PowerPlay Defense
   Defense                  Defense                                           Time % Phy DF OF 
 1 Tyler Myers              Nate Schmidt                                      55     1   2  2  
 2 Jordan Oesterle          Michael Stone                                     45     1   2  2  

Penalty Kill 4 Players Forward 
   Center                   Wing                     Time % Phy DF OF 
 1 Mike Hoffman             Andrei Svechnikov        55     1   2  2  
 2 Milan Lucic              Erik Haula               45     1   2  2  

Penalty Kill 4 Players Defense
   Defense                  Defense                  Time % Phy DF OF 
 1 Tyler Myers              Nate Schmidt             55     1   2  2  
 2 Jordan Oesterle          Michael Stone            45     1   2  2  

Penalty Kill - 3 Players Forward 
   Forward                                           Time % Phy DF OF 
 1 Mike Hoffman                                      55     1   2  2  
 2 Andrei Svechnikov                                 45     1   2  2  

Penalty Kill - 3 Players Defense
   Defense                  Defense                  Time % Phy DF OF 
 1 Tyler Myers              Nate Schmidt             55     1   2  2  
 2 Jordan Oesterle          Michael Stone            45     1   2  2  

4 vs 4 Forward 
   Center                   Wing                     Time % Phy DF OF 
 1 Mike Hoffman             Andrei Svechnikov        55     1   2  2  
 2 Kirby Dach               Erik Haula               45     1   2  2  

4 vs 4 Defense
   Defense                  Defense                  Time % Phy DF OF 
 1 Tyler Myers              Nate Schmidt             55     1   2  2  
 2 Jordan Oesterle          Michael Stone            45     1   2  2  

Last Minutes Offensive
   Center                   Left Wing                Right Wing               Defense                  Defense                  
   Erik Haula               Mike Hoffman             Andrei Svechnikov        Tyler Myers              Nate Schmidt             

Last Minutes Defensive
   Center                   Left Wing                Right Wing               Defense                  Defense                  
   Erik Haula               Mike Hoffman             Andrei Svechnikov        Tyler Myers              Nate Schmidt             

Goaltenders
Starting : Malcolm Subban           
Backup : Igor Shesterkin          

Extra Forwards
Normal : Kirby Dach, Nico Sturm, Danton Heinen - PP : Kirby Dach, Nico Sturm - PK : Danton Heinen
Extra Defensemen
Normal : Karl Alzner, Jordan Schmaltz, Jordan Oesterle - PP : Karl Alzner - PK : Jordan Schmaltz, Jordan Oesterle
Penalty Shots
Mike Hoffman, Andrei Svechnikov, Nico Sturm, Erik Haula, Milan Lucic
Custom OT Lines Forwards
Mike Hoffman, Andrei Svechnikov, Nico Sturm, Erik Haula, Milan Lucic, Alex Chiasson, Danton Heinen, Dominik Kahun, Alexander Kerfoot, Kirby Dach
Custom OT Lines Defensemen
Tyler Myers, Nate Schmidt, Jordan Oesterle, Michael Stone, Karl Alzner

Scratches
None

ANCHORAGE ACES

5 vs 5 Forward 
   Center                   Left Wing                Right Wing               Time % Phy DF OF 
 1 Nathan MacKinnon         Nikolaj Ehlers           Reyley Smith             35     0   2  3  
 2 Connor McDavid           Chris Kreider            Jakob Silfverberg        33     0   2  3  
 3 Nate Thompson            Brandon Saad             Cal Clutterbuck          22     1   2  2  
 4 Jacob de la Rose         Ross Johnston            Michael Frolik           10     1   3  1  

5 vs 5 Defense 
   Defense                  Defense                                           Time % Phy DF OF 
 1 Shea Weber               Ben Chiarot                                       34     1   2  2  
 2 Seth Jones               Deryk Engelland                                   33     1   2  2  
 3 Cale Fleury              Robert Bortuzzo                                   23     1   3  1  
 4 Ben Chiarot              Seth Jones                                        10     1   2  2  

PowerPlay Forward 
   Center                   Left Wing                Right Wing               Time % Phy DF OF 
 1 Connor McDavid           Nikolaj Ehlers           Reyley Smith             50     0   1  4  
 2 Nathan MacKinnon         Chris Kreider            Jakob Silfverberg        50     0   1  4  

PowerPlay Defense
   Defense                  Defense                                           Time % Phy DF OF 
 1 Seth Jones               Shea Weber                                        57     1   2  2  
 2 Ben Chiarot              Deryk Engelland                                   43     1   2  2  

Penalty Kill 4 Players Forward 
   Center                   Wing                     Time % Phy DF OF 
 1 Nate Thompson            Cal Clutterbuck          55     1   3  1  
 2 Jacob de la Rose         Brandon Saad             45     1   3  1  

Penalty Kill 4 Players Defense
   Defense                  Defense                  Time % Phy DF OF 
 1 Shea Weber               Ben Chiarot              55     1   3  1  
 2 Seth Jones               Deryk Engelland          45     1   3  1  

Penalty Kill - 3 Players Forward 
   Forward                                           Time % Phy DF OF 
 1 Nate Thompson                                     55     0   5  0  
 2 Brandon Saad                                      45     0   5  0  

Penalty Kill - 3 Players Defense
   Defense                  Defense                  Time % Phy DF OF 
 1 Shea Weber               Ben Chiarot              55     0   5  0  
 2 Seth Jones               Deryk Engelland          45     0   5  0  

4 vs 4 Forward 
   Center                   Wing                     Time % Phy DF OF 
 1 Nathan MacKinnon         Reyley Smith             55     0   2  3  
 2 Connor McDavid           Nikolaj Ehlers           45     0   2  3  

4 vs 4 Defense
   Defense                  Defense                  Time % Phy DF OF 
 1 Ben Chiarot              Shea Weber               55     1   2  2  
 2 Seth Jones               Deryk Engelland          45     1   2  2  

Last Minutes Offensive
   Center                   Left Wing                Right Wing               Defense                  Defense                  
   Connor McDavid           Nikolaj Ehlers           Nathan MacKinnon         Shea Weber               Seth Jones               

Last Minutes Defensive
   Center                   Left Wing                Right Wing               Defense                  Defense                  
   Nathan MacKinnon         Brandon Saad             Jakob Silfverberg        Seth Jones               Shea Weber               

Goaltenders
Starting : Braden Holtby            
Backup : James Reimer             

Extra Forwards
Normal : Connor McDavid, Nathan MacKinnon, Reyley Smith - PP : Nathan MacKinnon, Connor McDavid - PK : Nathan MacKinnon
Extra Defensemen
Normal : Seth Jones, Shea Weber, Ben Chiarot - PP : Seth Jones - PK : Seth Jones, Ben Chiarot
Penalty Shots
Connor McDavid, Nathan MacKinnon, Nikolaj Ehlers, Reyley Smith, Chris Kreider
Custom OT Lines Forwards
Nathan MacKinnon, Connor McDavid, Chris Kreider, Nikolaj Ehlers, Reyley Smith, Jakob Silfverberg, Brandon Saad, Nate Thompson, Jacob de la Rose, Michael Frolik
Custom OT Lines Defensemen
Seth Jones, Shea Weber, Ben Chiarot, Deryk Engelland, Robert Bortuzzo

Scratches
None


% Time on Ice - SAN FRANCISCO SPIDERS

Lines # - Real PCT - Wanted PCT - Time Play
Normal Forward
1 - 30% - 30% - 16:16
2 - 29% - 30% - 15:47
3 - 21% - 20% - 11:44
4 - 20% - 20% - 11:03
Normal Defense
1 - 33% - 36% - 18:11
2 - 31% - 31% - 17:10
3 - 30% - 23% - 16:18
4 - 6% - 10% - 3:11
PP Forward
1 - 56% - 55% - 2:20
2 - 44% - 45% - 1:52
PP Defense
1 - 68% - 55% - 2:52
2 - 32% - 45% - 1:20
PK Forward
1 - 0% - 55%
2 - 0% - 45%
PK Defense
1 - 0% - 55%
2 - 0% - 45%
PK3 Forward
1 - 0% - 55%
2 - 0% - 45%
PK3 Defense
1 - 0% - 55%
2 - 0% - 45%
44 Forward
1 - 0% - 55%
2 - 0% - 45%
44 Defense
1 - 0% - 55%
2 - 0% - 45%
Last Minute Offensive  - 0:58
Last Minute Defensive  - 0:00
Total
Forward - 60:00
Defense - 60:00

% Time on Ice - ANCHORAGE ACES

Lines # - Real PCT - Wanted PCT - Time Play
Normal Forward
1 - 36% - 35% - 19:39
2 - 33% - 33% - 18:19
3 - 21% - 22% - 11:43
4 - 9% - 10% - 5:09
Normal Defense
1 - 35% - 34% - 19:14
2 - 32% - 33% - 17:19
3 - 27% - 23% - 15:02
4 - 6% - 10% - 3:15
PP Forward
1 - 0% - 50%
2 - 0% - 50%
PP Defense
1 - 0% - 57%
2 - 0% - 43%
PK Forward
1 - 58% - 55% - 2:27
2 - 42% - 45% - 1:45
PK Defense
1 - 72% - 55% - 3:02
2 - 28% - 45% - 1:10
PK3 Forward
1 - 0% - 55%
2 - 0% - 45%
PK3 Defense
1 - 0% - 55%
2 - 0% - 45%
44 Forward
1 - 0% - 55%
2 - 0% - 45%
44 Defense
1 - 0% - 55%
2 - 0% - 45%
Last Minute Offensive  - 0:00
Last Minute Defensive  - 0:58
Total
Forward - 60:00
Defense - 60:00

Play-by-Play

1st period


0:01 of 1st period - Nathan MacKinnon wins face-off versus Andrei Svechnikov in neutral zone.
0:08 of 1st period - Shot by Nikolaj Ehlers.
0:08 of 1st period - Stopped by Malcolm Subban without a rebound.
0:09 of 1st period - Erik Haula wins face-off versus Jakob Silfverberg in SAN FRANCISCO SPIDERS zone.
0:09 of 1st period - Erik Haula is hit by Chris Kreider.
0:39 of 1st period - Shot by Chris Kreider.
0:39 of 1st period - Deflect By Connor McDavid.
0:39 of 1st period - Goal by Connor McDavid - SAN FRANCISCO SPIDERS : 0 - ANCHORAGE ACES : 1.
0:40 of 1st period - Nate Thompson wins face-off versus Danton Heinen in neutral zone.
0:59 of 1st period - Danton Heinen is hit by Cale Fleury and loses puck.
1:04 of 1st period - Shot by Dominik Simon.
1:04 of 1st period - Stopped by Braden Holtby without a rebound.
1:05 of 1st period - Nathan MacKinnon wins face-off versus Nico Sturm in ANCHORAGE ACES zone.
1:15 of 1st period - Shot by Nathan MacKinnon.
1:15 of 1st period - Stopped by Malcolm Subban with a rebound.
2:30 of 1st period - Shot by Calle Jarnkrok.
2:30 of 1st period - Shot Misses the Net.
2:40 of 1st period - Shot by Calle Jarnkrok.
2:40 of 1st period - Stopped by Braden Holtby without a rebound.
2:41 of 1st period - Jakob Silfverberg wins face-off versus Mike Hoffman in ANCHORAGE ACES zone.
2:49 of 1st period - Chris Kreider is hit by Jordan Schmaltz and loses puck.
3:18 of 1st period - Shot by Chris Kreider.
3:18 of 1st period - Stopped by Malcolm Subban without a rebound.
3:19 of 1st period - Nate Thompson wins face-off versus Danton Heinen in SAN FRANCISCO SPIDERS zone.
3:32 of 1st period - Shot by Dominik Simon.
3:32 of 1st period - Stopped by Braden Holtby without a rebound.
3:33 of 1st period - Nathan MacKinnon wins face-off versus Calle Jarnkrok in ANCHORAGE ACES zone.
3:45 of 1st period - Shot by Nathan MacKinnon.
3:45 of 1st period - Stopped by Malcolm Subban with a rebound.
3:47 of 1st period - Shot by Reyley Smith.
3:47 of 1st period - Shot Misses the Net.
4:05 of 1st period - Shot by Reyley Smith.
4:05 of 1st period - Shot Misses the Net.
4:19 of 1st period - Shot by Nikolaj Ehlers.
4:19 of 1st period - Shot Misses the Net.
4:21 of 1st period - Shot by Nathan MacKinnon.
4:21 of 1st period - Goal by Nathan MacKinnon - SAN FRANCISCO SPIDERS : 0 - ANCHORAGE ACES : 2.
4:22 of 1st period - Nate Thompson wins face-off versus Danton Heinen in neutral zone.
5:20 of 1st period - Shot by Erik Haula.
5:20 of 1st period - Shot Blocked by Cal Clutterbuck.
7:03 of 1st period - Icing by Reyley Smith.
7:04 of 1st period - Kirby Dach wins face-off versus Nathan MacKinnon in ANCHORAGE ACES zone.
7:36 of 1st period - Icing by Deryk Engelland.
7:37 of 1st period - Reyley Smith wins face-off versus Calle Jarnkrok in ANCHORAGE ACES zone.
7:37 of 1st period - Reyley Smith is hit by Milan Lucic.
8:24 of 1st period - Shot by Chris Kreider.
8:24 of 1st period - Shot Blocked by Tyler Myers.
8:36 of 1st period - Shot by Connor McDavid.
8:36 of 1st period - Stopped by Malcolm Subban without a rebound.
8:37 of 1st period - Danton Heinen wins face-off versus Jacob de la Rose in SAN FRANCISCO SPIDERS zone.
9:14 of 1st period - Shot by Dominik Kahun.
9:14 of 1st period - Shot Misses the Net.
9:16 of 1st period - Shot by Dominik Simon.
9:16 of 1st period - Stopped by Braden Holtby without a rebound.
9:17 of 1st period - Kirby Dach wins face-off versus Connor McDavid in ANCHORAGE ACES zone.
10:06 of 1st period - Shot by Jakob Silfverberg.
10:06 of 1st period - Goal by Jakob Silfverberg - SAN FRANCISCO SPIDERS : 0 - ANCHORAGE ACES : 3.
10:07 of 1st period - Nate Thompson wins face-off versus Erik Haula in neutral zone.
10:18 of 1st period - Shot by Cal Clutterbuck.
10:18 of 1st period - Stopped by Malcolm Subban without a rebound.
10:19 of 1st period - Nathan MacKinnon wins face-off versus Calle Jarnkrok in SAN FRANCISCO SPIDERS zone.
11:19 of 1st period - Icing by Reyley Smith.
11:20 of 1st period - Nathan MacKinnon wins face-off versus Danton Heinen in ANCHORAGE ACES zone.
11:30 of 1st period - Icing by Jordan Oesterle.
11:31 of 1st period - Danton Heinen wins face-off versus Connor McDavid in SAN FRANCISCO SPIDERS zone.
11:31 of 1st period - Danton Heinen is hit by Jakob Silfverberg.
11:54 of 1st period - Shot by Connor McDavid.
11:54 of 1st period - Stopped by Malcolm Subban without a rebound.
11:55 of 1st period - Nate Thompson wins face-off versus Mike Hoffman in SAN FRANCISCO SPIDERS zone.
11:55 of 1st period - Nate Thompson is hit by Tyler Myers.
12:24 of 1st period - Icing by Nate Schmidt.
12:25 of 1st period - Erik Haula wins face-off versus Connor McDavid in SAN FRANCISCO SPIDERS zone.
13:07 of 1st period - Shot by Alexander Kerfoot.
13:07 of 1st period - Shot Misses the Net.
13:09 of 1st period - Shot by Kirby Dach.
13:09 of 1st period - Shot Misses the Net.
13:11 of 1st period - Shot by Alexander Kerfoot.
13:11 of 1st period - Shot Misses the Net.
13:13 of 1st period - Shot by Kirby Dach.
13:13 of 1st period - Stopped by Braden Holtby with a rebound.
13:15 of 1st period - Shot by Kirby Dach.
13:15 of 1st period - Shot Misses the Net.
13:52 of 1st period - Shot by Andrei Svechnikov.
13:52 of 1st period - Shot Misses the Net.
13:54 of 1st period - Shot by Andrei Svechnikov.
13:54 of 1st period - Goal by Andrei Svechnikov - SAN FRANCISCO SPIDERS : 1 - ANCHORAGE ACES : 3.
13:55 of 1st period - Nate Thompson wins face-off versus Danton Heinen in neutral zone.
14:09 of 1st period - Shot by Brandon Saad.
14:09 of 1st period - Deflect By Nate Thompson.
14:09 of 1st period - Stopped by Malcolm Subban with a rebound.
14:24 of 1st period - Icing by Shea Weber.
14:25 of 1st period - Nate Thompson wins face-off versus Calle Jarnkrok in ANCHORAGE ACES zone.
14:37 of 1st period - Icing by Shea Weber.
14:38 of 1st period - Nate Thompson wins face-off versus Erik Haula in ANCHORAGE ACES zone.
14:38 of 1st period - Nate Thompson is hit by Erik Haula.
15:17 of 1st period - Shot by Mike Hoffman.
15:17 of 1st period - Shot Blocked by Cal Clutterbuck.
15:28 of 1st period - Icing by Michael Stone.
15:29 of 1st period - Nathan MacKinnon wins face-off versus Alex Chiasson in SAN FRANCISCO SPIDERS zone.
16:49 of 1st period - Shot by Michael Frolik.
16:49 of 1st period - Stopped by Malcolm Subban without a rebound.
16:50 of 1st period - Connor McDavid wins face-off versus Calle Jarnkrok in SAN FRANCISCO SPIDERS zone.
16:50 of 1st period - Connor McDavid is hit by Nate Schmidt.
16:52 of 1st period - Shot by Jakob Silfverberg.
16:52 of 1st period - Shot Misses the Net.
17:12 of 1st period - Shot by Andrei Svechnikov.
17:12 of 1st period - Shot Misses the Net.
17:22 of 1st period - Shot by Andrei Svechnikov.
17:22 of 1st period - Stopped by Braden Holtby with a rebound.
17:24 of 1st period - Shot by Nate Schmidt.
17:24 of 1st period - Shot Misses the Net.
18:00 of 1st period - Shot by Seth Jones.
18:00 of 1st period - Stopped by Malcolm Subban without a rebound.
18:01 of 1st period - Jacob de la Rose wins face-off versus Dominik Simon in SAN FRANCISCO SPIDERS zone.
18:12 of 1st period - Shot by Michael Frolik.
18:12 of 1st period - Shot Misses the Net.
18:21 of 1st period - Shot by Dominik Simon.
18:21 of 1st period - Shot Misses the Net.
18:27 of 1st period - Shot by Dominik Simon.
18:27 of 1st period - Shot Blocked by Robert Bortuzzo.
18:27 of 1st period - Robert Bortuzzo from ANCHORAGE ACES is injured at 18:27 of 1st period (Torso).
18:28 of 1st period - Nathan MacKinnon wins face-off versus Nico Sturm in ANCHORAGE ACES zone.
18:46 of 1st period - Shot by Nikolaj Ehlers.
18:46 of 1st period - Stopped by Malcolm Subban with a rebound.
18:48 of 1st period - Shot by Seth Jones.
18:48 of 1st period - Shot Blocked by Tyler Myers.
18:50 of 1st period - Shot by Nikolaj Ehlers.
18:50 of 1st period - Stopped by Malcolm Subban with a rebound.
18:52 of 1st period - Shot by Deryk Engelland.
18:52 of 1st period - Stopped by Malcolm Subban with a rebound.
19:00 of 1st period - Shot by Nathan MacKinnon.
19:00 of 1st period - Deflect By Nikolaj Ehlers.
19:00 of 1st period - Stopped by Malcolm Subban with a rebound.
19:45 of 1st period - Shot by Chris Kreider.
19:45 of 1st period - Shot Misses the Net.
19:47 of 1st period - Shot by Shea Weber.
19:47 of 1st period - Shot Misses the Net.
19:49 of 1st period - Shot by Connor McDavid.
19:49 of 1st period - Shot Blocked by Karl Alzner.
19:51 of 1st period - Shot by Connor McDavid.
19:51 of 1st period - Stopped by Malcolm Subban with a rebound.
19:53 of 1st period - Shot by Jakob Silfverberg.
19:53 of 1st period - Stopped by Malcolm Subban with a rebound.
19:55 of 1st period - Shot by Chris Kreider.
19:55 of 1st period - Stopped by Malcolm Subban without a rebound.
19:56 of 1st period - Nate Thompson wins face-off versus Danton Heinen in SAN FRANCISCO SPIDERS zone.
Goals for this period are 1 for SAN FRANCISCO SPIDERS vs 3 for ANCHORAGE ACES.
Shots for this period are 7 for SAN FRANCISCO SPIDERS vs 20 for ANCHORAGE ACES.

2nd period


0:01 of 2nd period - Nathan MacKinnon wins face-off versus Calle Jarnkrok in neutral zone.
2:03 of 2nd period - Icing by Dominik Simon.
2:04 of 2nd period - Danton Heinen wins face-off versus Jacob de la Rose in SAN FRANCISCO SPIDERS zone.
2:04 of 2nd period - Danton Heinen is hit by Ross Johnston.
3:05 of 2nd period - Icing by Dominik Kahun.
3:06 of 2nd period - Danton Heinen wins face-off versus Connor McDavid in SAN FRANCISCO SPIDERS zone.
3:06 of 2nd period - Danton Heinen is hit by Cale Fleury.
3:26 of 2nd period - Shot by Jakob Silfverberg.
3:26 of 2nd period - Stopped by Malcolm Subban without a rebound.
3:27 of 2nd period - Erik Haula wins face-off versus Nathan MacKinnon in SAN FRANCISCO SPIDERS zone.
3:27 of 2nd period - Erik Haula is hit by Nikolaj Ehlers.
3:50 of 2nd period - Shot by Nikolaj Ehlers.
3:50 of 2nd period - Shot Hit the Post.
4:00 of 2nd period - Shot by Mike Hoffman.
4:00 of 2nd period - Shot Blocked by Deryk Engelland.
4:02 of 2nd period - Shot by Nate Schmidt.
4:02 of 2nd period - Shot Misses the Net.
4:06 of 2nd period - Shot by Mike Hoffman.
4:06 of 2nd period - Shot Misses the Net.
4:08 of 2nd period - Shot by Erik Haula.
4:08 of 2nd period - Deflect By Mike Hoffman.
4:08 of 2nd period - Shot Blocked by Deryk Engelland.
5:46 of 2nd period - Shot by Alexander Kerfoot.
5:46 of 2nd period - Stopped by Braden Holtby without a rebound.
5:47 of 2nd period - Kirby Dach wins face-off versus Nate Thompson in ANCHORAGE ACES zone.
5:54 of 2nd period - Shot by Nate Schmidt.
5:54 of 2nd period - Shot Blocked by Cale Fleury.
6:02 of 2nd period - Icing by Brandon Saad.
6:03 of 2nd period - Erik Haula wins face-off versus Nate Thompson in ANCHORAGE ACES zone.
6:14 of 2nd period - Icing by Shea Weber.
6:15 of 2nd period - Nate Thompson wins face-off versus Kirby Dach in ANCHORAGE ACES zone.
7:16 of 2nd period - Shot by Connor McDavid.
7:16 of 2nd period - Stopped by Malcolm Subban with a rebound.
7:24 of 2nd period - Shot by Seth Jones.
7:24 of 2nd period - Stopped by Malcolm Subban without a rebound.
7:25 of 2nd period - Nathan MacKinnon wins face-off versus Calle Jarnkrok in SAN FRANCISCO SPIDERS zone.
7:53 of 2nd period - Shot by Calle Jarnkrok.
7:53 of 2nd period - Stopped by Braden Holtby with a rebound.
7:55 of 2nd period - Shot by Nate Schmidt.
7:55 of 2nd period - Shot Misses the Net.
7:57 of 2nd period - Shot by Nate Schmidt.
7:57 of 2nd period - Shot Misses the Net.
7:59 of 2nd period - Shot by Tyler Myers.
7:59 of 2nd period - Shot Blocked by Nikolaj Ehlers.
8:01 of 2nd period - Shot by Nate Schmidt.
8:01 of 2nd period - Shot Blocked by Shea Weber.
8:07 of 2nd period - Shot by Andrei Svechnikov.
8:07 of 2nd period - Deflect By Calle Jarnkrok.
8:07 of 2nd period - Stopped by Braden Holtby with a rebound.
8:38 of 2nd period - Icing by Deryk Engelland.
8:39 of 2nd period - Connor McDavid wins face-off versus Danton Heinen in ANCHORAGE ACES zone.
8:46 of 2nd period - Shot by Chris Kreider.
8:46 of 2nd period - Stopped by Malcolm Subban with a rebound.
9:07 of 2nd period - Chris Kreider is hit by Jordan Schmaltz and loses puck.
9:29 of 2nd period - Dominik Kahun is hit by Cal Clutterbuck and loses puck.
9:46 of 2nd period - Shot by Cal Clutterbuck.
9:46 of 2nd period - Shot Misses the Net.
9:58 of 2nd period - Shot by Brandon Saad.
9:58 of 2nd period - Deflect By Cal Clutterbuck.
9:58 of 2nd period - Shot Hit the Post.
10:32 of 2nd period - Shot by Nikolaj Ehlers.
10:32 of 2nd period - Shot Misses the Net.
10:34 of 2nd period - Shot by Shea Weber.
10:34 of 2nd period - Shot Blocked by Dominik Simon.
10:36 of 2nd period - Shot by Shea Weber.
10:36 of 2nd period - Shot Misses the Net.
11:09 of 2nd period - Shot by Mike Hoffman.
11:09 of 2nd period - Stopped by Braden Holtby without a rebound.
11:10 of 2nd period - Jacob de la Rose wins face-off versus Andrei Svechnikov in ANCHORAGE ACES zone.
11:48 of 2nd period - Icing by Jacob de la Rose.
11:49 of 2nd period - Jacob de la Rose wins face-off versus Mike Hoffman in ANCHORAGE ACES zone.
11:49 of 2nd period - Jacob de la Rose is hit by Erik Haula.
12:15 of 2nd period - Shot by Cal Clutterbuck.
12:15 of 2nd period - Deflect By Brandon Saad.
12:15 of 2nd period - Stopped by Malcolm Subban without a rebound.
12:16 of 2nd period - Kirby Dach wins face-off versus Reyley Smith in SAN FRANCISCO SPIDERS zone.
13:17 of 2nd period - Shot by Mike Hoffman.
13:17 of 2nd period - Shot Misses the Net.
13:20 of 2nd period - Minor Penalty to Ben Chiarot for Hooking.
13:21 of 2nd period - Erik Haula wins face-off versus Nate Thompson in ANCHORAGE ACES zone.
13:32 of 2nd period - Shot by Tyler Myers.
13:32 of 2nd period - Shot Blocked by Seth Jones.
13:34 of 2nd period - Shot by Nate Schmidt.
13:34 of 2nd period - Deflect By Alex Chiasson.
13:34 of 2nd period - Shot Misses the Net.
13:52 of 2nd period - Shot by Nate Schmidt.
13:52 of 2nd period - Stopped by Braden Holtby without a rebound.
13:53 of 2nd period - Nate Thompson wins face-off versus Danton Heinen in ANCHORAGE ACES zone.
14:26 of 2nd period - Tyler Myers is hit by Jacob de la Rose and loses puck.
14:59 of 2nd period - Shot by Erik Haula.
14:59 of 2nd period - Stopped by Braden Holtby without a rebound.
15:00 of 2nd period - Nate Thompson wins face-off versus Erik Haula in ANCHORAGE ACES zone.
15:42 of 2nd period - Shot by Alexander Kerfoot.
15:42 of 2nd period - Shot Misses the Net.
15:44 of 2nd period - Shot by Karl Alzner.
15:44 of 2nd period - Stopped by Braden Holtby without a rebound.
15:45 of 2nd period - Connor McDavid wins face-off versus Danton Heinen in ANCHORAGE ACES zone.
16:22 of 2nd period - Icing by Tyler Myers.
16:23 of 2nd period - Nate Thompson wins face-off versus Danton Heinen in SAN FRANCISCO SPIDERS zone.
16:55 of 2nd period - Icing by Nate Schmidt.
16:56 of 2nd period - Nathan MacKinnon wins face-off versus Danton Heinen in SAN FRANCISCO SPIDERS zone.
17:11 of 2nd period - Shot by Nathan MacKinnon.
17:11 of 2nd period - Stopped by Malcolm Subban without a rebound.
17:12 of 2nd period - Erik Haula wins face-off versus Connor McDavid in SAN FRANCISCO SPIDERS zone.
17:25 of 2nd period - Icing by Jakob Silfverberg.
17:26 of 2nd period - Calle Jarnkrok wins face-off versus Connor McDavid in ANCHORAGE ACES zone.
17:26 of 2nd period - Calle Jarnkrok is hit by Deryk Engelland.
17:41 of 2nd period - Shot by Milan Lucic.
17:41 of 2nd period - Stopped by Braden Holtby without a rebound.
17:42 of 2nd period - Nathan MacKinnon wins face-off versus Erik Haula in ANCHORAGE ACES zone.
17:42 of 2nd period - Nathan MacKinnon is hit by Erik Haula.
17:49 of 2nd period - Shea Weber is hit by Michael Stone and loses puck.
18:08 of 2nd period - Shot by Erik Haula.
18:08 of 2nd period - Stopped by Braden Holtby without a rebound.
18:09 of 2nd period - Nate Thompson wins face-off versus Calle Jarnkrok in ANCHORAGE ACES zone.
18:42 of 2nd period - Shot by Nate Thompson.
18:42 of 2nd period - Shot Misses the Net.
18:44 of 2nd period - Shot by Seth Jones.
18:44 of 2nd period - Shot Blocked by Calle Jarnkrok.
18:46 of 2nd period - Shot by Brandon Saad.
18:46 of 2nd period - Shot Misses the Net.
Goals for this period are 0 for SAN FRANCISCO SPIDERS vs 0 for ANCHORAGE ACES.
Shots for this period are 9 for SAN FRANCISCO SPIDERS vs 6 for ANCHORAGE ACES.

3rd period


0:01 of 3rd period - Calle Jarnkrok wins face-off versus Nathan MacKinnon in neutral zone.
0:24 of 3rd period - Off-side.
0:25 of 3rd period - Erik Haula wins face-off versus Connor McDavid in neutral zone.
0:33 of 3rd period - Erik Haula is hit by Shea Weber and loses puck.
1:05 of 3rd period - Icing by Jordan Oesterle.
1:06 of 3rd period - Erik Haula wins face-off versus Nathan MacKinnon in SAN FRANCISCO SPIDERS zone.
1:48 of 3rd period - Shot by Andrei Svechnikov.
1:48 of 3rd period - Stopped by Braden Holtby without a rebound.
1:49 of 3rd period - Nate Thompson wins face-off versus Kirby Dach in ANCHORAGE ACES zone.
2:40 of 3rd period - Nico Sturm is hit by Cal Clutterbuck.
2:53 of 3rd period - Icing by Alexander Kerfoot.
2:54 of 3rd period - Reyley Smith wins face-off versus Kirby Dach in SAN FRANCISCO SPIDERS zone.
3:38 of 3rd period - Shot by Nathan MacKinnon.
3:38 of 3rd period - Stopped by Malcolm Subban without a rebound.
3:39 of 3rd period - Connor McDavid wins face-off versus Erik Haula in SAN FRANCISCO SPIDERS zone.
3:42 of 3rd period - Shot by Jakob Silfverberg.
3:42 of 3rd period - Stopped by Malcolm Subban without a rebound.
3:43 of 3rd period - Calle Jarnkrok wins face-off versus Connor McDavid in SAN FRANCISCO SPIDERS zone.
3:43 of 3rd period - Minor Penalty to Chris Kreider for High sticking.
3:44 of 3rd period - Nate Thompson wins face-off versus Danton Heinen in ANCHORAGE ACES zone.
3:57 of 3rd period - Shot by Andrei Svechnikov.
3:57 of 3rd period - Goal by Andrei Svechnikov - SAN FRANCISCO SPIDERS : 2 - ANCHORAGE ACES : 3.
3:58 of 3rd period - Connor McDavid wins face-off versus Calle Jarnkrok in neutral zone.
4:03 of 3rd period - Shot by Jakob Silfverberg.
4:03 of 3rd period - Shot Misses the Net.
4:05 of 3rd period - Shot by Deryk Engelland.
4:05 of 3rd period - Shot Misses the Net.
4:25 of 3rd period - Shot by Connor McDavid.
4:25 of 3rd period - Shot Misses the Net.
4:58 of 3rd period - Icing by Ben Chiarot.
4:59 of 3rd period - Danton Heinen wins face-off versus Nathan MacKinnon in ANCHORAGE ACES zone.
5:16 of 3rd period - Shot by Dominik Simon.
5:16 of 3rd period - Stopped by Braden Holtby without a rebound.
5:17 of 3rd period - Jacob de la Rose wins face-off versus Erik Haula in ANCHORAGE ACES zone.
6:26 of 3rd period - Shot by Andrei Svechnikov.
6:26 of 3rd period - Shot Blocked by Shea Weber.
6:40 of 3rd period - Shot by Andrei Svechnikov.
6:40 of 3rd period - Stopped by Braden Holtby without a rebound.
6:41 of 3rd period - Nathan MacKinnon wins face-off versus Kirby Dach in ANCHORAGE ACES zone.
6:41 of 3rd period - Nathan MacKinnon is hit by Kirby Dach.
7:09 of 3rd period - Shot by Nico Sturm.
7:09 of 3rd period - Shot Misses the Net.
7:17 of 3rd period - Shot by Kirby Dach.
7:17 of 3rd period - Stopped by Braden Holtby without a rebound.
7:18 of 3rd period - Danton Heinen wins face-off versus Connor McDavid in ANCHORAGE ACES zone.
7:19 of 3rd period - Shot by Dominik Kahun.
7:19 of 3rd period - Goal by Dominik Kahun - SAN FRANCISCO SPIDERS : 3 - ANCHORAGE ACES : 3.
7:20 of 3rd period - Calle Jarnkrok wins face-off versus Connor McDavid in neutral zone.
7:27 of 3rd period - Shot by Andrei Svechnikov.
7:27 of 3rd period - Shot Blocked by Ben Chiarot.
7:51 of 3rd period - Shot by Calle Jarnkrok.
7:51 of 3rd period - Deflect By Andrei Svechnikov.
7:51 of 3rd period - Shot Blocked by Shea Weber.
8:22 of 3rd period - Icing by Jordan Oesterle.
8:23 of 3rd period - Nathan MacKinnon wins face-off versus Erik Haula in SAN FRANCISCO SPIDERS zone.
8:42 of 3rd period - Shot by Reyley Smith.
8:42 of 3rd period - Shot Misses the Net.
8:44 of 3rd period - Shot by Seth Jones.
8:44 of 3rd period - Shot Misses the Net.
8:46 of 3rd period - Shot by Nikolaj Ehlers.
8:46 of 3rd period - Stopped by Malcolm Subban without a rebound.
8:47 of 3rd period - Nate Thompson wins face-off versus Kirby Dach in SAN FRANCISCO SPIDERS zone.
9:10 of 3rd period - Shot by Cal Clutterbuck.
9:10 of 3rd period - Stopped by Malcolm Subban with a rebound.
9:12 of 3rd period - Shot by Seth Jones.
9:12 of 3rd period - Shot Blocked by Karl Alzner.
9:26 of 3rd period - Shot by Brandon Saad.
9:26 of 3rd period - Deflect By Cal Clutterbuck.
9:26 of 3rd period - Stopped by Malcolm Subban without a rebound.
9:27 of 3rd period - Erik Haula wins face-off versus Nathan MacKinnon in SAN FRANCISCO SPIDERS zone.
9:40 of 3rd period - Shot by Mike Hoffman.
9:40 of 3rd period - Shot Misses the Net.
9:42 of 3rd period - Shot by Mike Hoffman.
9:42 of 3rd period - Shot Misses the Net.
9:57 of 3rd period - Erik Haula is hit by Shea Weber and loses puck.
10:27 of 3rd period - Mike Hoffman is hit by Deryk Engelland and loses puck.
11:15 of 3rd period - Minor Penalty to Chris Kreider for Hooking.
11:16 of 3rd period - Nate Thompson wins face-off versus Danton Heinen in ANCHORAGE ACES zone.
12:07 of 3rd period - Shot by Erik Haula.
12:07 of 3rd period - Stopped by Braden Holtby with a rebound.
12:09 of 3rd period - Shot by Alex Chiasson.
12:09 of 3rd period - Stopped by Braden Holtby with a rebound.
12:11 of 3rd period - Shot by Jordan Oesterle.
12:11 of 3rd period - Shot Misses the Net.
12:13 of 3rd period - Shot by Michael Stone.
12:13 of 3rd period - Shot Misses the Net.
14:37 of 3rd period - Icing by Jordan Oesterle.
14:38 of 3rd period - Alexander Kerfoot wins face-off versus Nate Thompson in SAN FRANCISCO SPIDERS zone.
15:17 of 3rd period - Shot by Alex Chiasson.
15:17 of 3rd period - Shot Blocked by Seth Jones.
15:53 of 3rd period - Shot by Connor McDavid.
15:53 of 3rd period - Shot Misses the Net.
16:05 of 3rd period - Shot by Jakob Silfverberg.
16:05 of 3rd period - Goal by Jakob Silfverberg - SAN FRANCISCO SPIDERS : 3 - ANCHORAGE ACES : 4.
16:06 of 3rd period - Nathan MacKinnon wins face-off versus Kirby Dach in neutral zone.
16:35 of 3rd period - Shot by Nikolaj Ehlers.
16:35 of 3rd period - Stopped by Malcolm Subban with a rebound.
16:37 of 3rd period - Shot by Nathan MacKinnon.
16:37 of 3rd period - Stopped by Malcolm Subban without a rebound.
16:38 of 3rd period - Connor McDavid wins face-off versus Milan Lucic in SAN FRANCISCO SPIDERS zone.
16:43 of 3rd period - Shot by Jakob Silfverberg.
16:43 of 3rd period - Deflect By Connor McDavid.
16:43 of 3rd period - Shot Blocked by Jordan Oesterle.
16:57 of 3rd period - Shot by Connor McDavid.
16:57 of 3rd period - Stopped by Malcolm Subban without a rebound.
16:58 of 3rd period - Jacob de la Rose wins face-off versus Danton Heinen in SAN FRANCISCO SPIDERS zone.
17:41 of 3rd period - Shot by Connor McDavid.
17:41 of 3rd period - Stopped by Malcolm Subban with a rebound.
17:43 of 3rd period - Shot by Connor McDavid.
17:43 of 3rd period - Shot Misses the Net.
17:45 of 3rd period - Shot by Jakob Silfverberg.
17:45 of 3rd period - Shot Misses the Net.
17:49 of 3rd period - Shot by Connor McDavid.
17:49 of 3rd period - Stopped by Malcolm Subban without a rebound.
17:50 of 3rd period - Nathan MacKinnon wins face-off versus Calle Jarnkrok in SAN FRANCISCO SPIDERS zone.
18:14 of 3rd period - Nathan MacKinnon is hit by Michael Stone and loses puck.
19:01 of 3rd period - Shot by Chris Kreider.
19:01 of 3rd period - Stopped by Malcolm Subban without a rebound.
19:02 of 3rd period - Erik Haula wins face-off versus Nathan MacKinnon in SAN FRANCISCO SPIDERS zone.
Goals for this period are 2 for SAN FRANCISCO SPIDERS vs 1 for ANCHORAGE ACES.
Shots for this period are 8 for SAN FRANCISCO SPIDERS vs 12 for ANCHORAGE ACES.


DARCY
KUEMPER
JAKE
OETTINGER
NINO
NIEDERREITER

EAST COAST

HOCKEY LEAGUE

  • 1.CHI2QUE4
  • 2.LIM2CHA3
  • 3.LON3TRV5
  • 4.BAL5CHW6
  • 5.MANPIT
  • 6.NHWATL
  • 7.PETWOR
  • 8.RHI